 Dungeon Crawl Stone Soup version 0.30.1-11-g7821555f0a (webtiles) character file.

Game seed: 5749898282475481709

674 Condegh the Ruffian (level 7, -13/68 HPs)
             Began as a Troll Monk on Dec 29, 2023.
             Mangled by a large abomination (16 damage)
             ... on level 2 of the Abyss.
             The game lasted 00:25:54 (3964 turns).

Condegh the Ruffian (Troll Monk)                    Turns: 3964, Time: 00:25:55

Health: -13/68     AC: 12    Str: 20    XL:     7   Next: 33%
Magic:  6/6        EV:  7    Int:  8    God:
Gold:   249        SH: 12    Dex: 12    Spells: 6/6 levels left

rFire   . .          .
                       - Unarmed
rCold   . . .        k - +0 tower shield
rNeg    . . .        u - +2 robe {Will+}
rPois   +            (helmet restricted)
rElec   .            v - +1 cloak
rCorr   .            (gloves unavailable)
SInv    .            (boots unavailable)
Will    +....        (no amulet)
Stlth   +            A - ring of poison resistance
HPRegen 1.11/turn    D - +4 ring of protection
MPRegen 0.10/turn

%: no passive effects
@: no status effects
A: large, unfitting armour, claws 3, regeneration 1, shaggy fur 1, tough skin 1
a: no special abilities


You were on level 2 of the Abyss.
You visited 1 branch of the dungeon, and saw 5 of its levels.
You visited the Abyss 1 time.
You also visited: Sewer.

You collected 249 gold pieces.

Inventory:

Hand Weapons
 t - a +4 spectral club
Armour
 c - an orb of light
 e - the +2 robe "Tocol" {rF+ Will- Regen+ SInv}
   (You found it on level 5 of the Dungeon)

   rF:        It protects you from fire.
   SInv:      It lets you see invisible.
   Regen:     It increases your rate of health regeneration.
   Will:      It decreases your willpower.
 k - a +0 tower shield (worn)
 u - a +2 robe of willpower (worn)
 v - a +1 cloak (worn)
Jewellery
 a - a ring of resist corrosion
 A - a ring of poison resistance (left claw)
 D - a +4 ring of protection (right claw)
Wands
 B - a wand of flame (13)
 C - a wand of charming (3)
Scrolls
 d - 2 scrolls of teleportation
 g - a scroll of torment {unknown}
 i - a scroll of acquirement {unknown}
 j - a scroll of brand weapon {unknown}
 q - 2 scrolls of enchant armour {unknown}
 w - a scroll of silence
 x - a scroll of enchant weapon {unknown}
 y - a scroll of fog
 E - a scroll of blinking
Potions
 b - a potion of ambrosia
 f - a potion of cancellation
 h - a potion of heal wounds
 l - a potion of magic
 m - a potion of flight
 n - 4 potions of curing
 o - 3 potions of lignification
 p - a potion of might
 r - a potion of brilliance
 s - a potion of haste
Miscellaneous
 z - a box of beasts


   Skills:
 + Level 3.8 Fighting
 + Level 3.9 Dodging
 + Level 2.8 Shields
 * Level 5.9 Unarmed Combat


You had 6 spell levels left.
You didn't know any spells.
Your spell library contained the following spells:

 Spells                   Type           Power      Damage    Failure   Level
 Apportation              Tloc           0%         N/A       98%         1
 Ensorcelled Hibernation  Hex/Ice        0%         N/A       99%         2
 Passwall                 Tmut/Erth      0%         N/A       99%         2
 Dazzling Flash           Conj/Hex       0%         N/A       100%        3
 Swiftness                Air            0%         N/A       100%        3
 Volatile Blastmotes      Fire/Tloc      0%         2d10      100%        3
 Iskenderun's Mystic Bla  Conj/Tloc      0%         2d3       100%        4
 Alistair's Intoxication  Tmut/Pois      0%         N/A       100%        5
 Conjure Ball Lightning   Conj/Air       0%         3x3d6     100%        6
 Starburst                Conj/Fire      0%         6d3       100%        6
 Discord                  Hex            0%         N/A       100%        8
 Disjunction              Tloc           0%         N/A       100%        8


Dungeon Overview and Level Annotations

Branches:
Dungeon (5/15)              Sewer (visited)
 Temple: D:4-7

Altars:
Elyvilon
Fedhas
Gozag
Makhleb
Okawaru
Qazlal
Trog
Uskayaw


Innate Abilities, Weirdness & Mutations

You are too large for most types of armour.
You have claws for hands.
Your natural rate of healing is unusually fast.
You are covered in fur. (AC +1)
You have tough skin. (AC +1)


Message History

The gnoll sergeant hits you but does no damage.
You blink.
The gnoll sergeant hits you but does no damage.
Space warps horribly around you!
You claw the gnoll sergeant!
The gnoll sergeant is almost dead.
You block the gnoll sergeant's attack.
You scratch the gnoll sergeant but do no damage.
The gnoll sergeant is almost dead.
The gnoll sergeant hits you but does no damage.
Space warps around you.
You closely miss the gnoll sergeant.
The gnoll sergeant is almost dead.
You block the gnoll sergeant's attack.
You scratch the gnoll sergeant but do no damage.
The gnoll sergeant is almost dead.
The gnoll sergeant hits you with a +1 spear of distortion.
You are cast into the Abyss!
This branch contains the abyssal rune of Zot.
A large abomination comes into view.
You closely miss the large abomination. The large abomination hits you!!
You scratch the large abomination but do no damage.
The large abomination hits you but does no damage.
You claw the large abomination!
The large abomination is lightly damaged.
The large abomination hits you!!
* * * LOW HITPOINT WARNING * * *
You scratch the large abomination but do no damage.
The large abomination is lightly damaged.
You block the large abomination's attack.
You scratch the large abomination but do no damage.
The large abomination is lightly damaged.
The large abomination hits you!
* * * LOW HITPOINT WARNING * * *
The large abomination hits you.
* * * LOW HITPOINT WARNING * * *
You scratch the large abomination.
The large abomination is moderately damaged.
The large abomination hits you!
You die...

. . ............
................
...............
. .#....#.. ####
... .##.. ##.#
.. . .# .#..
##.### ....#
##.... #..##..#
... ..
#.######### ..#
... . ##@.#..
##.. ... .###X#
## ##.#
......#.§##..# .
#. # .... .§##
.###.# . #.#..#
.. .. § ..## #.
..# .. # .# # #
# ## §.§ .X. .
.X .## # .


You could see a large abomination.

Vanquished Creatures
  A kobold brigand (D:4)
  2 bullfrogs (Sewer)
  A scorpion (D:4)
  An orc priest (D:2)
  An iguana (D:4)
  Jessica (D:2)
  Ijyb (D:4)
  An orc wizard (D:3)
  5 gnolls
  7 adders
  A river rat (D:4)
  An adder skeleton (D:3)
  2 worms (D:4)
  13 orcs
  19 endoplasms
  14 giant cockroaches
  6 goblins
  8 hobgoblins
  3 jackals (D:2)
  12 quokkas
  22 ball pythons
  A ball python skeleton (D:3)
  5 bats
  12 frilled lizards
  A giant cockroach zombie (D:3)
  5 kobolds
  A quokka skeleton (D:3)
  5 rats
152 creatures vanquished.

Notes
Turn   | Place    | Note
-------+----------+-------------------------------------------
     0 | D:1      | Condegh the Troll Monk began the quest for the Orb.
     0 | D:1      | Reached XP level 1. HP: 22/22 MP: 0/0
   146 | D:1      | Reached XP level 2. HP: 29/29 MP: 1/1
   707 | D:2      | Reached XP level 3. HP: 35/36 MP: 2/2
  1004 | D:2      | Noticed Jessica
  1014 | D:2      | Killed Jessica
  1015 | D:2      | Reached skill level 4 in Unarmed Combat
  1015 | D:2      | Reached XP level 4. HP: 39/44 MP: 3/3
  1211 | D:2      | Reached skill level 1 in Shields
  1553 | D:3      | Reached XP level 5. HP: 41/53 MP: 4/4
  1579 | D:3      | Found an iron altar of Okawaru.
  1672 | D:3      | Found a bloodstained altar of Trog.
  1702 | D:3      | Found a hide-covered altar of Uskayaw.
  1718 | D:3      | Found an opulent altar of Gozag.
  1719 | D:3      | Found a burning altar of Makhleb.
  1857 | D:3      | Found a faded altar of an unknown god.
  1941 | D:3      | Found a blossoming altar of Fedhas.
  2376 | D:4      | Found a stormy altar of Qazlal.
  2435 | D:4      | Reached XP level 6. HP: 50/61 MP: 5/5
  2464 | D:4      | Found a glowing drain.
  2494 | D:4      | Reached skill level 5 in Unarmed Combat
  2502 | Sewer    | Entered a sewer
  3046 | D:4      | Reached XP level 7. HP: 62/68 MP: 6/6
  3105 | D:4      | Noticed Ijyb
  3129 | D:4      | Killed Ijyb
  3514 | D:5      | Entered Level 5 of the Dungeon
  3547 | D:5      | Found a white marble altar of Elyvilon.
  3630 | D:5      | Identified the +2 robe "Tocol" {rF+ Will- Regen+ SInv}
  3877 | Abyss:2  | Cast into level 2 of the Abyss (gnoll sergeant)
  3940 | Abyss:2  | Noticed a smoke demon
  3950 | Abyss:2  | Noticed a large abomination
  3953 | Abyss:2  | Noticed a large abomination
  3963 | Abyss:2  | HP: 2/68 [large abomination (5)]
  3964 | Abyss:2  | Mangled by a large abomination

Illustrated notes

Levels and vault maps discovered:
D:1:      wander_arrival_fairy_ring, layout_loops_ring, hex_large
D:2:      kennysheep_six_static_rooms, layout_loops_ring, minmay_nonomino_d4,
          uniq_jessica
D:3:      layout_loops_cross, mainiacjoe_overflow_24_doors,
          mainiacjoe_overflow_paths, okawaru_metal_pillars_1_2,
          nicolae_uskayaw_murder_on_the_dancefloor,
          chequers_temple_overflow_statue_of_worship,
          ebering_ecumenical_altar_ruins, serial_undead, serial_undead_f,
          serial_undead_a, serial_undead_f, serial_undead_a,
          serial_bayou_crossing
D:4:      layout_loops_ring, nicolae_qazlal_general_emergency,
          portal_sewer_entry_c, hex_tiny, minivault_4, minmay_circle_x,
          uniq_ijyb
D:5:      layout_basic, elyvilon_altar_1, nemelex_xobeh_ov_fountains_minmay,
          mainiacjoe_overflow_surrounded_room
Abyss:2:  base: D:2, small_statue_intersection, evilmike_abyss_exit_glass

Skill      XL: |  1  2  3  4  5  6 |
---------------+-------------------+-----
Unarmed Combat | 4 5 |  5.9
Shields        | 1 2 |  2.8
Fighting       | 3 |  3.8
Dodging        | 3 |  3.9

Action                     |  1- 3 |  4- 6 |  7- 9 || total
---------------------------+-------+-------+-------++-------
  Melee: Unarmed           |    82 |   263 |    73 ||   418
    Use: Scroll            |       |    12 |     2 ||    14
   Stab: Sleeping          |       |     1 |     1 ||     2
 Armour: Robe              |    22 |    85 |    22 ||   129
  Dodge: Dodged            |    24 |    66 |     9 ||    99
  Block: Tower shield      |    20 |   151 |    33 ||   204
